 Dungeon Crawl Stone Soup version 0.30-a0-696-g2367cd04db (webtiles) character file.

Game seed: 12109310385306005751

289 zazu2006 the Magician (level 6, -1/67 HPs)
             Began as a Naga Hedge Wizard on Jan 20, 2023.
             Slain by a mummy (8 damage)
             ... in an ossuary.
             The game lasted 00:08:45 (3434 turns).

zazu2006 the Magician (Naga Hedge Wizard)           Turns: 3434, Time: 00:08:46

Health: -1/67      AC: 23    Str: 13    XL:     6   Next: 31%
Magic:  11/13      EV:  1    Int: 16    God:
Gold:   151        SH:  0    Dex: 10    Spells: 8/14 levels left

rFire   . . .      SeeInvis +    q - +0 falchion
rCold   . . .      Faith    .    (no shield)
rNeg    . . .      Spirit   .    (body armour currently unavailable)
rPois   +          Reflect  .    (helmet currently unavailable)
rElec   .          Harm     .    (cloak currently unavailable)
rCorr   .          Rampage  .    (gloves currently unavailable)
Will    .....      NoTele   +    (no barding)
Stlth   ++                       p - amulet of the acrobat
HPRegen 0.31/turn                (no ring)
MPRegen 0.13/turn                (no ring)

@: tree-form (expiring), marked, held, invisible
A: stationary, stasis, torment immunity, boosted hp, AC +2, large, see
invisible, (deformed body), (poison resistance), (slowness 2), spit poison 1,
(naga tail 1), frail 1, noise suppression
a: Spit Poison


You were in an ossuary.
You were a tree.
You visited 1 branch of the dungeon, and saw 4 of its levels.
You also visited: Ossuary.

You collected 151 gold pieces.

Inventory:

Hand Weapons
 a - a +0 dagger
 q - a +0 falchion (weapon)
Armour
 b - a +0 robe (melded)
 c - a +0 hat (melded)
 g - a scarf of invisibility (melded)
Jewellery
 p - an amulet of the acrobat (around neck)
Wands
 s - a wand of digging (5)
Scrolls
 f - a scroll of acquirement {unknown}
 h - 6 scrolls of identify {unknown}
 j - a scroll of enchant armour {unknown}
 k - a scroll of fog {unknown}
 n - 2 scrolls of immolation {unknown}
Potions
 d - a potion of magic
 i - a potion of resistance
 m - a potion of attraction


   Skills:
 + Level 0.7 Fighting
 + Level 1.0 Long Blades
 + Level 2.1 Dodging
 + Level 3.9 Stealth
 + Level 4.8 Spellcasting
 + Level 2.2 Conjurations
 + Level 1.0 Summonings
 + Level 1.0 Translocations
 + Level 0.4 Air Magic
 * Level 2.8 Poison Magic
 + Level 0.1 Evocations


You had 8 spell levels left.
You knew the following spells:

 Your Spells              Type           Power      Damage    Failure   Level
a - Magic Dart            Conj           44%        1d5       6%          1
b - Mephitic Cloud        Conj/Pois/Air  9%         N/A       22%         3
d - Blink                 Tloc           14%        N/A       16%         2

Your spell library contained the following spells:

 Spells                   Type           Power      Damage    Failure   Level
 Slow                     Hex            12%        N/A       16%         1
 Call Imp                 Summ           7%         N/A       16%         2
 Cigotuvi's Dreadful Rot  Necr/Pois/Air  14%        N/A       16%         2
 Portal Projectile        Hex/Tloc       10%        N/A       36%         3
 Tukima's Dance           Hex            3%         N/A       43%         3
 Blade Hands              Tmut           1%         N/A       99%         5


Dungeon Overview and Level Annotations

Branches:
Dungeon (4/15)            Ossuary (1/1)
 Temple: D:4-7

Altars:


Innate Abilities, Weirdness & Mutations

You are a tree.
Your roots penetrate the ground, keeping you stationary.
You cannot be teleported.
You are immune to unholy pain and torment.
Your maximum health is greatly increased.
Your equipment is partially melded.
((Your serpentine skin is tough. (AC +2)))
You have supernaturally acute eyesight. (SInv)
((Armour fits poorly on your strangely shaped body.))
((Your system is resistant to poisons. (rPois)))
((You cover ground very slowly.))
You can spit poison.
((You have a snake-like lower body.))
You are frail. (-10% HP)
You passively dampen the noise of your surroundings.


Message History

You feel a strange sense of stasis.
The mummy blinks!
You struggle against the net.
The hobgoblin zombie completely misses you.
You shred the net and break free!
Your transformation is almost over.
The hobgoblin zombie hits you.
* * * LOW HITPOINT WARNING * * *
It was a potion of invisibility.
You fade into invisibility!
The centaur zombie fails to trigger a net trap.
The hobgoblin zombie hits you but does no damage.
You barely miss the mummy.
The centaur zombie hits you but does no damage.
The centaur zombie kicks you but does no damage.
The mummy drops a net on you.
You become entangled in the net!
Okay, then.
Okay, then.
Casting: Blink (safe; 16% risk of failure)
Confirm with . or Enter, or press ? or * to list all spells.
Aiming: Magic Dart (safe; 6% risk of failure)
Press: ? - help, Shift-Dir - straight line, f - mummy
Aim: a mummy (unable to see you, 100% to hit)
The magic dart hits the mummy but does no damage.
The mummy hits you.
* * * LOW HITPOINT WARNING * * *
Unknown command.
Casting: Magic Dart (safe; 6% risk of failure)
Confirm with . or Enter, or press ? or * to list all spells.
Aiming: Magic Dart (safe; 6% risk of failure)
Press: ? - help, Shift-Dir - straight line, f/p - mummy
Aim: a mummy (unable to see you, 100% to hit)
The magic dart hits the mummy but does no damage.
The mummy hits you but does no damage.
Unknown command.
You struggle against the net.
The mummy hits you.
* * * LOW HITPOINT WARNING * * *
You struggle against the net.
The mummy barely misses you.
The mummy hits you but does no damage. x2
You struggle against the net.
The mummy hits you!
You die...

####### #
###########.#Z#♣#.#.#.
##...........MMMMMZ.^^..
#.............ZZZM^.....
#.....∩.∩..^............
#....§.§Z.^..^........^^
##.............^.^.^...^
###########.#.#.#.#.#.#
#############


You could see 6 mummies, 3 hobgoblin zombies and a centaur zombie (unable to see
you).

Vanquished Creatures
  An ogre (D:3)
  An orc priest (D:2)
  An orc wizard (D:3)
  2 adders
  6 gnolls (D:3)
  2 worms
  10 orcs
  7 ball pythons
  4 endoplasms
  2 giant cockroaches
  2 goblins
  3 hobgoblins
  3 jackals
  5 kobolds
  2 quokkas
  6 bats
  A frilled lizard (D:3)
  3 rats
61 creatures vanquished.

Notes
Turn   | Place    | Note
-------+----------+-------------------------------------------
     0 | D:1      | zazu2006 the Naga Hedge Wizard began the quest for the Orb.
     0 | D:1      | Reached XP level 1. HP: 15/15 MP: 4/4
   423 | D:1      | Reached XP level 2. HP: 22/22 MP: 3/6
  1299 | D:2      | Reached XP level 3. HP: 27/27 MP: 5/8
  1368 | D:1      | Learned a level 3 spell: Mephitic Cloud
  1371 | D:1      | Learned a level 2 spell: Blink
  1429 | D:2      | Reached XP level 4. HP: 20/36 MP: 2/9
  1663 | D:2      | Reached skill level 1 in Poison Magic
  1845 | D:2      | Reached skill level 4 in Spellcasting
  2465 | D:3      | Reached XP level 5. HP: 34/42 MP: 3/11
  2770 | D:3      | Noticed an ogre
  2782 | D:3      | Killed an ogre
  2974 | D:3      | Reached XP level 6. HP: 35/50 MP: 13/13
  3197 | D:3      | Reached skill level 1 in Long Blades
  3390 | D:4      | Found a sand-covered staircase.
  3397 | Ossuary  | Entered an ossuary
  3414 | Ossuary  | Gained mutation: You are frail. (-10% HP) [potion of
                  | mutation]
  3414 | Ossuary  | Gained mutation: You passively dampen the noise of your
                  | surroundings. [potion of mutation]
  3434 | Ossuary  | Slain by a mummy

Illustrated notes

Levels and vault maps discovered:
D:1:      giann_horns, layout_loops_ring
D:2:      layout_loops_ring, corexii_leaking_fountain
D:3:      layout_rooms, wad_rectangle_vault
D:4:      layout_cave_pools, zin_statuary, pdpol_wu_jian_five_deadly_venoms,
          chequers_temple_overflow_statue_of_worship, serial_bayou,
          serial_bayou_shore_b, serial_bayou_pond_a, serial_bayou_pond_a,
          serial_bayou_shore_a, lightli_ossuary_entry_decrepit_ruins,
          roderic_roman_lattice, minivault_26
Ossuary:  ossuary_the_hunt_dpeg

Skill      XL: |  1  2  3  4  5  6 |
---------------+-------------------+-----
Poison Magic   | 1 2 |  2.8
Spellcasting   | 4 |  4.8
Dodging        | 2 |  2.1
Conjurations   | 2 |  2.2
Long Blades    | 1 |  1.0
Fighting       | |  0.7
Stealth        | |  3.9
Summonings     | |  1.0
Translocations | |  1.0
Air Magic      | |  0.4
Evocations     | |  0.1

Action                   |  1- 3 |  4- 6 || total
-------------------------+-------+-------++-------
Melee: Dagger            |    15 |     1 ||    16
       Falchion          |       |    72 ||    72
       Punch             |       |     2 ||     2
 Cast: Magic Dart        |    39 |    71 ||   110
       Mephitic Cloud    |     1 |     4 ||     5
       Blink             |       |     2 ||     2
 Abil: Spit Poison       |    11 |     8 ||    19
       Evoke Invisibilit |     1 |       ||     1
  Use: Potion            |       |     9 ||     9
 Stab: Sleeping          |       |     2 ||     2
       Confused          |       |     3 ||     3
Armor: Robe              |     1 |    17 ||    18
       Skin              |       |     7 ||     7
Dodge: Dodged            |    18 |    83 ||   101

Table legend: (Time is in decaauts)
 A = Elapsed time spent in this place.
 B = Non-inter-level travel time spent in this place.
 C = Inter-level travel time spent in this place.
 D = Time resting spent in this place.
 E = Time spent auto-exploring this place.
 F = Levels seen in this place.
 G = Mean time per level.
                   A        B        C        D        E       F      G
               +--------+--------+--------+--------+--------+-----+--------+
         Total |   4112 |   4059 |     53 |    324 |   3152 |   5 |  822.4 |
       Dungeon |   4072 |   4019 |     53 |    324 |   3152 |   4 | 1018.0 |
       Ossuary |     39 |     39 |      0 |      0 |      0 |   1 |   39.0 |
               +--------+--------+--------+--------+--------+-----+--------+

Top non-repeatable levels by time:
     D:1: 1620 daAuts
     D:3: 1257 daAuts
     D:2: 1186 daAuts
 Ossuary: 39 daAuts
     D:4: 8 daAuts
